 Dungeon Crawl Stone Soup version 0.16-a0-3803-gd4b2de5 (webtiles) character file.

1841 Ololoev the Covered (level 8, -1/52 HPs)
             Began as a Mummy Summoner on Jan 26, 2015.
             Slain by an orc wizard
             ... wielding a +3 dagger of electrocution
              (11 damage)
             ... on level 7 of the Dungeon.
             The game lasted 00:31:38 (6795 turns).

Ololoev the Covered (Mummy Summoner)                Turns: 6795, Time: 00:31:39

Health: -1/52      AC: 16    Str: 11    XL:     8   Next: 87%
Magic:  13/13      EV:  8    Int: 16    God:
Gold:   413        SH:  0    Dex: 12    Spells: 3 memorised, 5 levels left

rFire  + . .     SeeInvis +     p - +3 war axe (vamp)
rCold  . . .     Clarity  .     c - +0 fire dragon armour
rNeg   + + +     SustAb   +     (no shield)
rPois  ∞         Gourm    .     l - +0 helmet
rElec  .         Spirit   .     k - +0 cloak
rCorr  +         Warding  .     r - +1 pair of gloves
rMut   .         Stasis   .     f - +0 pair of boots
MR     +....                    n - amulet of resist corrosion
Stlth  ..........               d - ring of see invisible
                                j - ring of sustain abilities

@: somewhat resistant to hostile enchantments, extremely unstealthy
A: no food or potions, fire vulnerability, restore body, cold resistance 1,
negative energy resistance 3, poison resistance, torment resistance, unbreathing
a: no special abilities


You were on level 7 of the Dungeon.
You were not hungry.

You visited 2 branches of the dungeon, and saw 8 of its levels.
You also visited: Sewer.

You collected 413 gold pieces.

Notes
Turn   | Place    | Note
--------------------------------------------------------------
     0 | D:1      | Ololoev, the Mummy Summoner, began the quest for the Orb.
     0 | D:1      | Reached XP level 1. HP: 13/13 MP: 3/3
   538 | D:1      | Reached skill level 1 in Armour
   658 | D:1      | Reached XP level 2. HP: 17/19 MP: 4/4
   665 | D:1      | Learned a level 2 spell: Call Imp
  1202 | D:2      | Reached XP level 3. HP: 16/24 MP: 3/6
  1207 | D:2      | Learned a level 3 spell: Call Canine Familiar
  2148 | D:3      | Found a glowing drain.
  2357 | Sewer    | Entered a sewer
  2367 | Sewer    | Reached XP level 4. HP: 30/30 MP: 5/7
  2544 | Sewer    | Noticed a big kobold
  2554 | Sewer    | Killed a big kobold
  2554 | Sewer    | Reached skill level 4 in Summonings
  2572 | Sewer    | Found a white marble altar of Elyvilon.
  2804 | D:3      | Reached XP level 5. HP: 29/35 MP: 9/9
  2985 | D:3      | Noticed Ololoev's ghost (average OpFE)
  3018 | D:3      | Killed Ololoev's ghost
  3467 | D:3      | Noticed Sigmund
  3480 | D:3      | Reached XP level 6. HP: 39/41 MP: 4/10
  3937 | D:4      | Noticed Blork the orc
  3954 | D:4      | Killed Blork the orc
  3954 | D:4      | Reached skill level 1 in Axes
  4119 | D:4      | Reached skill level 5 in Summonings
  4293 | D:4      | Noticed Skiberibeda's ghost (average SpEn)
  4306 | D:4      | Killed Skiberibeda's ghost
  4306 | D:4      | Reached XP level 7. HP: 46/46 MP: 3/12
  4619 | D:5      | Entered Level 5 of the Dungeon
  4679 | D:5      | Found a staircase to the Ecumenical Temple.
  4712 | Temple   | Entered the Ecumenical Temple
  5230 | D:5      | Found a stormy altar of Qazlal.
  5569 | D:4      | Reached XP level 8. HP: 45/52 MP: 10/13
  5652 | D:6      | Noticed Edmund
  5663 | D:6      | Reached skill level 5 in Armour
  5669 | D:6      | Killed Edmund
  5785 | D:6      | Noticed a red devil
  5993 | D:6      | Reached skill level 5 in Axes
  6084 | D:6      | Found a snail-covered altar of Cheibriados.
  6186 | D:6      | Reached skill level 6 in Armour
  6475 | D:7      | Found a blossoming altar of Fedhas.
  6790 | D:7      | Found a white marble altar of Elyvilon.
  6795 | D:7      | Slain by an orc wizard

Inventory:

Hand weapons
 p - a +3 vampiric war axe (weapon)
Armour
 c - a +0 fire dragon armour (worn)
 f - a +0 pair of boots (worn)
 k - a +0 cloak (worn)
 l - a +0 helmet (worn)
 r - a +1 pair of gloves (worn)
Jewellery
 d - a ring of see invisible (right hand)
 j - a ring of sustain abilities (left hand)
 n - an amulet of resist corrosion (around neck)
Magical devices
 i - a wand of confusion (20)
 q - a wand of confusion (6)
 u - a wand of disintegration (18)
Scrolls
 a - 4 scrolls of identify
 e - a scroll of teleportation
 g - 7 scrolls of remove curse
 h - a scroll of fear
 m - a scroll of noise {unknown}
 o - a scroll of enchant armour {unknown}
 s - a scroll of magic mapping {unknown}
 t - 2 scrolls of amnesia {unknown}
 v - a scroll of fog
Books
 b - a book of Callings

   Spells                             Type                      Level
   a - Summon Small Mammal            Summoning                    1
   b - Call Imp                       Summoning                    2
   c - Call Canine Familiar           Summoning                    3
   d - Summon Guardian Golem          Hexes/Summoning              4
   e - Summon Lightning Spire         Summoning/Air                4
   f - Summon Ice Beast               Ice/Summoning                4

Table legend:
 A = Turns spent in this place as a percentage of turns spent in the entire game.
 B = Non-inter-level travel turns spent in this place as a percentage of non-inter-level travel turns spent in the entire game.
 C = Inter-level travel turns spent in this place as a percentage of turns spent in this place.
 D = Turns resting spent in this place as a percentage of non-inter-level travel turns spent in this place.
 E = Turns spent auto-exploring this place as a percentage of non-inter-level travel turns spent in this place.
 F = Non-inter-level travel turns spent in this place divided by the number of levels of this place that you've seen.
                   A       B       C       D       E      F
               +-------+-------+-------+-------+-------+----------------------
         Total | 100.0 | 100.0 |   0.5 |   5.5 |  11.6 | 216.2
       Dungeon |  95.1 |  95.1 |   0.5 |   5.5 |  12.0 | 264.4
        Temple |   1.5 |   1.5 |   3.3 |   6.9 |   0.0 |  29.0
         Sewer |   3.4 |   3.4 |   0.0 |   4.5 |   6.1 |  66.0
               +-------+-------+-------+-------+-------+----------------------


   Skills:
   Level 0.5 Short Blades
 + Level 5.4 Axes
 + Level 6.2 Armour
 - Level 1.5 Dodging
 - Level 1.5 Stealth
 - Level 2.0 Spellcasting
 + Level 5.4 Summonings


You had 5 spell levels left.
You knew the following spells:

 Your Spells              Type           Power        Failure   Level  Hunger
a - Summon Small Mammal   Summ           ###.         17%         1    N/A
b - Call Imp              Summ           ###.....     28%         2    N/A
c - Call Canine Familiar  Summ           ###.....     56%         3    N/A

Dungeon Overview and Level Annotations

Branches:
Dungeon (7/15)             Temple (1/1) D:5

Altars:
Cheibriados
Elyvilon
Fedhas
Qazlal
Jiyva

Annotations:
D:3 Sigmund


Innate Abilities, Weirdness & Mutations

You do not eat or drink.
Your flesh is vulnerable to fire.
Your flesh is cold resistant.
You are immune to negative energy.
Your system is resistant to poisons.
You are immune to unholy pain and torment.
You can survive without breathing.


Message History

An orc wizard comes into view.
It is wielding a dagger of electrocution.
The orc wizard shouts!
The orc wizard mumbles some strange words.
The orc wizard seems to speed up.
The orc wizard casts a spell.
The orc wizard blinks!
The orc hits you but does no damage.
Found a white marble altar of Elyvilon.
The orc wizard completely misses you.
The orc wizard casts a spell.
The orc wizard seems to speed up.
The orc wizard hits you with a dagger of electrocution.
You are electrocuted!
You barely miss the orc wizard. You hit the orc wizard.
The orc wizard is lightly wounded.
The orc wizard barely misses you.
The orc wizard hits you with a dagger of electrocution.
The orc priest mumbles some strange prayers to Beogh against you.
Something smites you!
The orc wizard hits you but does no damage. x2
The orc hits you but does no damage.
You slash the orc wizard!
You feel better.
The orc wizard is heavily wounded.
You barely miss the orc wizard.
The orc wizard is lightly wounded.
You barely miss the orc. You closely miss the orc wizard.
The orc wizard hits you with a dagger.
The orc wizard hits you but does no damage. x2
You are electrocuted!
The orc priest calls down the wrath of Beogh upon you.
You resist with significant effort. The orc barely misses you.
The orc wizard casts a spell.
The orc wizard blinks!
The orc wizard hits you but does no damage.
You closely miss the orc wizard. You hit the orc.
You feel better.
The orc is moderately wounded.
You hit the orc wizard.
The orc wizard is moderately wounded.
The orc wizard hits you but does no damage.
You are electrocuted!
You die...

#.......#####........
#.......# ########
+.......# #.......#
#.......#
#.....>.####
+....o......
#...#o....#.#
#..o@.......#########
#...#o⌠.⌠.#.#........
#...$.......#........
#..o#.....#.#.<......
+......_....#........
#...#.....# #........
.......... ########'
....#.⌠.⌠ #........ .
. #........


You could see an orc priest, 3 orc wizards and an orc.

Table legend:
 A = Kills in this place as a percentage of kills in entire the game.
 B = Kills by you in this place as a percentage of kills by you in the entire game.
 C = Kills by friends in this place as a percentage of kills by friends in the entire game.
 D = Other kills in this place as a percentage of other kills in the entire game.
 E = Experience gained in this place as a percentage of experience gained in the entire game.
 F = Experience gained in this place divided by the number of levels of this place that you have seen.
                   A       B       C       D       E      F
               +-------+-------+-------+-------+-------+----------------------
         Total | 100.0 | 100.0 | 100.0 |  -nan | 100.0 | 292.2
       Dungeon |  94.8 |  96.7 |  81.0 |  -nan |  97.1 | 365.0
         Sewer |   5.2 |   3.3 |  19.0 |  -nan |   2.9 |  75.0
               +-------+-------+-------+-------+-------+----------------------

Vanquished Creatures
  An ice beast (D:6)
  The ghost of Skiberibeda the Sneak, an average SpEn of Nemelex Xobeh (D:4)
  2 phantoms
  A centaur (D:6)
  A black bear (D:7)
  A crocodile (D:7)
  A giant frog (D:6)
  A big kobold (Sewer)
  2 scorpions
  2 crimson imps (D:5)
  A giant frog zombie (D:4)
  A jelly (D:6)
  A giant frog skeleton (D:5)
  2 hounds (D:4)
  6 worker ants
  5 orc wizards
  A hound zombie (D:5)
  A worker ant zombie (D:5)
  2 gnolls (D:5)
  7 adders
  3 giant mites
  A river rat (Sewer)
  2 shadow imps
  5 worms
  4 giant geckos
  An ooze (D:4)
  11 orcs
  2 ball pythons
  10 bats
  8 goblins
  11 hobgoblins
  4 jackals
  3 quokkas
  7 giant cockroaches
  A giant gecko zombie (D:5)
  4 giant newts
  A jackal zombie (D:6)
  17 kobolds
  A quokka zombie (D:6)
  19 rats
155 creatures vanquished.

Vanquished Creatures (collateral kills)
  Edmund (D:6)
  The ghost of Ololoev the Conjurer, an average OpFE (D:3)
  Blork the orc (D:4)
  A giant frog (D:6)
  A crimson imp (D:3)
  A hound skeleton (D:6)
  An adder (D:4)
  A gnoll (D:5)
  2 oozes (D:2)
  3 orcs
  A bat (D:4)
  2 goblins
  4 kobolds
  A rat (Sewer)
21 creatures vanquished.

Vanquished Creatures (others)
  3 crimson imps
  3 white imps
  2 bats
  A rat (D:1)
  A butterfly (D:4)
10 creatures vanquished.

Grand Total: 186 creatures vanquished

Action                   |  1- 3 |  4- 6 |  7- 9 || total
-------------------------+-------+-------+-------++-------
Melee: Dagger            |   119 |   150 |       ||   269
       Unarmed           |     8 |       |       ||     8
       War axe           |       |    45 |   310 ||   355
 Cast: Summon Small Mamm |     6 |       |       ||     6
       Call Imp          |     1 |    16 |    11 ||    28
       Call Canine Famil |     1 |     1 |       ||     2
  Use: Scroll            |     5 |     5 |     1 ||    11
 Stab: Sleeping          |     3 |       |       ||     3
       Distracted        |     2 |     1 |     2 ||     5

Vault maps used:
D:1:      sevenhm_arrival_forest_fort_small_3
D:3:      grunt_temple_overflow_lords_of_destruction, portal_sewer_entry_b,
          first_bread, uniq_sigmund
D:4:      forest_paths, uniq_blork_the_orc
D:5:      kennysheep_mini, minmay_temple_entry_junction2
D:6:      cheibriados_altar_1, uniq_edmund
D:7:      elyvilon_altar_5, lemuel_round_altar, okawaru_gym_becter
Temple:   pf_slime_end_temple
Sewer:    sewer_kobolds
